 Dungeon Crawl Stone Soup version 0.31-a0-180-g519b7de00c (webtiles) character file.

Game seed: 763357962166034573

375 qw the Chopper (level 6, 0/38 HPs)
             Began as a Gargoyle Fighter on June 20, 2023.
             Slain by a hobgoblin (6 damage)
             ... led by Robin
             ... on level 4 of the Dungeon.
             The game lasted 00:01:36 (2818 turns).

qw the Chopper (Gargoyle Fighter)                   Turns: 2818, Time: 00:01:36

Health: 0/38       AC: 17    Str: 21    XL:     6   Next: 72%
Magic:  6/6        EV:  6    Int:  9    God:
Gold:   182        SH:  4    Dex:  9    Spells: 5/5 levels left

rFire   . . .        Y - +0 war axe
rCold   . . .        c - +0 buckler
rNeg    + . .        l - +0 plate armour
rPois   inf          h - +0 helmet
rElec   +            (no cloak)
rCorr   .            (no gloves)
SInv    .            (no boots)
Will    .....        i - amulet of the acrobat Stlth
                     (no ring)
HPRegen 0.26/turn    (no ring)
MPRegen 0.10/turn

%: acrobat
@: about to teleport
A: sickness immunity, AC +4, negative energy resistance 1, electricity
resistance, torment resistance 1, petrification resistance
a: no special abilities


You were on level 4 of the Dungeon.
You visited 1 branch of the dungeon, and saw 4 of its levels.

You collected 182 gold pieces.


Innate Abilities, Weirdness & Mutations

You are immune to sickness and miasma.
Your stone body is resilient. (AC +4)
You are immune to poison.
You resist negative energy. (rN+)
You are resistant to electric shocks. (rElec)
You are resistant to unholy torment.
You are immune to petrification.


   Skills:
 - Level 4.0 Fighting
 + Level 5.9 Axes
 - Level 3.2 Armour
 - Level 0.7 Dodging
 - Level 3.2 Shields


You had 5 spell levels left.
You didn't know any spells.
Your spell library was empty.

Inventory:

Hand Weapons
 f - a +0 flail
 Y - a +0 war axe (weapon)
Armour
 c - a +0 buckler (worn)
 h - a +0 helmet (worn)
 l - a +0 plate armour (worn)
Jewellery
 i - an amulet of the acrobat (around neck)
Scrolls
 j - a scroll of identify
Potions
 d - a potion of might
 e - a potion of haste
 g - a potion of curing {unknown}
 k - a potion of invisibility {unknown}
 m - a potion of cancellation {unknown}

Dungeon Overview and Level Annotations

Branches:
Dungeon (4/15)
 Temple: D:4-7

Altars:

Annotations:
D:4 Eustachio, Robin


Message History

2 goblins come into view.
Found 7 stones, a broad axe, a dagger and a scroll of identify.
Found an escape hatch in the ceiling.
The goblin shouts!
You hear a shout! x2
A hobgoblin comes into view. x3
The hobgoblin shouts! x2; You hear a shout!
Robin of the Strong Arm comes into view.
They are wielding a +0 trident.
A hobgoblin comes into view.
The hobgoblin shouts!
You hear a shout! x2
A goblin comes into view. It is wielding a +0 dagger. x2
Robin throws the goblin at you!
There is an escape hatch in the ceiling here.
The goblin shouts!
You slash the goblin!
You kill the goblin!
A goblin comes into view. It is wielding a +0 dagger.
A goblin comes into view. It is wielding a +0 club.
Robin throws the goblin at you! The goblin hits you but does no damage.
2816 ||| READING scroll of teleportation.
As you read the scroll of teleportation, it crumbles to dust.
You feel strangely unstable. The goblin barely misses you.
The goblin hits you but does no damage.
Robin roars a battlecry!
The goblins go into a battle-frenzy!
You closely miss the goblin. x2; You hit the hobgoblin but do no damage.
You closely miss the goblin. The goblin hits you but does no damage.
An orc comes into view. It is wielding a +0 club.
The goblin barely misses you. The hobgoblin hits you.
The goblin closely misses you.
You closely miss the goblin. x2; You closely miss the hobgoblin.
The orc shouts!
You slash the goblin!
You kill the goblin!
You hit the hobgoblin. The goblin barely misses you.
The goblin hits you but does no damage.
The hobgoblin hits you but does no damage.
Robin throws the goblin at you! The goblin hits you with a +0 club.
The hobgoblin hits you.
You die...

. #o ##. ....
.....#####
...g..g.g##.#
#..gg@....#
#).gggg.#...?.
#.......# ###
#......##
########


You could see Robin, an orc, 4 hobgoblins and 4 goblins.

Vanquished Creatures
  Sigmund (D:3)
  Ijyb (D:3)
  Natasha (thrice) (D:3)
  2 adders
  2 ufetubi (D:4)
  A worm (D:4)
  3 dart slugs (D:3)
  5 orcs
  6 endoplasms
  3 giant cockroaches
  8 goblins
  7 hobgoblins
  3 quokkas
  11 ball pythons
  4 bats
  2 frilled lizards
  5 kobolds
  12 rats (D:1)
79 creatures vanquished.

Notes
Turn   | Place    | Note
-------+----------+-------------------------------------------
     0 | D:1      | qw the Gargoyle Fighter began the quest for the Orb.
     0 | D:1      | Reached XP level 1. HP: 14/14 MP: 1/1
     0 | D:1      | 0 ||| qw: Version: 0.3-a-9-g12657ce
     0 | D:1      | 0 ||| qw: Game counter: 1153
     0 | D:1      | 0 ||| qw: Always use a shield: true
     0 | D:1      | 0 ||| qw: God list: Okawaru
     0 | D:1      | 0 ||| qw: Allow faded altars: false
     0 | D:1      | 0 ||| qw: Do Orc after D:15 true
     0 | D:1      | 0 ||| qw: Do second Lair branch before Depths: true
     0 | D:1      | 0 ||| qw: Lair rune preference: random
     0 | D:1      | 0 ||| qw: Plans: Normal, Zot:1-4, Slime:5, God:TSO, Crypt,
                  | Tomb, Abyss, Pan, Hells, Win
     0 | D:1      | 0 ||| PLANNING D:1-11
   111 | D:1      | Reached skill level 2 in Axes
   256 | D:1      | Reached XP level 2. HP: 19/19 MP: 2/2
   390 | D:1      | 390 ||| Stepping ~*~*~tactically~*~*~ (hiding).
   677 | D:1      | Reached skill level 3 in Axes
   686 | D:1      | 686 ||| Stepping ~*~*~tactically~*~*~ (stealth).
   697 | D:1      | Reached XP level 3. HP: 23/23 MP: 3/3
  1095 | D:1      | 1095 ||| UPGRADING to amulet of the acrobat.
  1100 | D:1      | 1100 ||| READING 2 scrolls labelled UPUMIT YCWU.
  1104 | D:1      | 1104 ||| READING scroll labelled HILEKH NUZ QUU.
  1230 | D:2      | 1230 ||| Stepping ~*~*~tactically~*~*~ (stealth).
  1231 | D:2      | 1231 ||| Stepping ~*~*~tactically~*~*~ (stealth).
  1284 | D:2      | 1284 ||| Stepping ~*~*~tactically~*~*~ (stealth).
  1288 | D:2      | 1288 ||| Stepping ~*~*~tactically~*~*~ (stealth).
  1301 | D:2      | 1301 ||| Stepping ~*~*~tactically~*~*~ (hiding).
  1317 | D:2      | Identified the +5 spear "Tixzaep Hog" {antimagic, rF+
                  | Will+++ Dex-5 SInv}
  1349 | D:2      | 1349 ||| Stepping ~*~*~tactically~*~*~ (hiding).
  1359 | D:2      | Reached XP level 4. HP: 28/28 MP: 4/4
  1546 | D:2      | 1546 ||| UPGRADING to +0 helmet.
  1551 | D:2      | 1551 ||| READING 3 scrolls labelled LOLEOC XEYPESE.
  1552 | D:2      | 1552 ||| READING scroll labelled DEZIYD NANUICH.
  1553 | D:2      | 1553 ||| READING 2 scrolls of identify.
  1553 | D:2      | 1553 ||| IDENTIFYING inky potion
  1568 | D:3      | 1568 ||| STAIRDANCE
  1589 | D:2      | 1589 ||| DROPPING +0 club.
  1593 | D:2      | 1593 ||| DROPPING +0 whip.
  1616 | D:3      | 1616 ||| Stepping ~*~*~tactically~*~*~ (stealth).
  1629 | D:3      | Reached skill level 4 in Axes
  1634 | D:3      | 1634 ||| Stepping ~*~*~tactically~*~*~ (stealth).
  1635 | D:3      | 1635 ||| Stepping ~*~*~tactically~*~*~ (stealth).
  1876 | D:3      | Noticed Natasha
  1877 | D:3      | 1877 ||| Stepping ~*~*~tactically~*~*~ (hiding).
  1879 | D:3      | 1879 ||| Stepping ~*~*~tactically~*~*~ (hiding).
  1880 | D:3      | 1880 ||| Stepping ~*~*~tactically~*~*~ (hiding).
  1881 | D:3      | 1881 ||| Stepping ~*~*~tactically~*~*~ (hiding).
  1882 | D:3      | 1882 ||| Stepping ~*~*~tactically~*~*~ (hiding).
  1888 | D:3      | Killed Natasha
  1940 | D:3      | Noticed Sigmund
  1941 | D:3      | 1941 ||| Stepping ~*~*~tactically~*~*~ (hiding).
  1955 | D:3      | Killed Sigmund
  1956 | D:3      | Reached skill level 5 in Axes
  1956 | D:3      | Reached XP level 5. HP: 28/32 MP: 5/5
  1956 | D:3      | Reached XP level 6. HP: 33/37 MP: 6/6
  2343 | D:3      | 2343 ||| Stepping ~*~*~tactically~*~*~ (stealth).
  2344 | D:3      | 2344 ||| Stepping ~*~*~tactically~*~*~ (stealth).
  2396 | D:3      | Noticed Ijyb
  2397 | D:3      | 2397 ||| Stepping ~*~*~tactically~*~*~ (hiding).
  2405 | D:3      | Killed Ijyb
  2510 | D:3      | Noticed Natasha
  2519 | D:3      | Killed Natasha
  2543 | D:3      | Noticed Natasha
  2550 | D:3      | Killed Natasha
  2682 | D:3      | 2682 ||| UPGRADING to +0 plate armour.
  2692 | D:3      | 2692 ||| DROPPING +0 scale mail.
  2693 | D:3      | 2693 ||| DROPPING amulet of guardian spirit.
  2717 | D:4      | 2717 ||| PLANNING OSSUARY
  2761 | D:4      | Noticed Eustachio
  2808 | D:4      | HP: 9/38 [ufetubus (3)]
  2809 | D:4      | 2809 ||| READING 2 scrolls of teleportation.
  2813 | D:4      | Noticed Robin
  2815 | D:4      | HP: 9/38 [Robin/goblin (2)]
  2816 | D:4      | 2816 ||| READING scroll of teleportation.
  2818 | D:4      | Slain by a hobgoblin

Levels and vault maps discovered:
D:1:      sevenhm_arrival_forest_fort_small_5, layout_loops_corners,
          minmay_rat_gold_closets
D:2:      layout_rooms
D:3:      layout_basic, st_stairs_5, minmay_cupped, uniq_natasha, uniq_ijyb,
          uniq_sigmund
D:4:      layout_basic, xom_teletrap_fun, enter_ossuary_3,
          amcnicky_mini_corridor_feature,
          nicolae_concentric_dashed_squares_mild, uniq_eustachio, uniq_robin

Skill      XL: |  1  2  3  4  5  6 |
---------------+-------------------+-----
Axes           | 2 3 5 |  5.9
Fighting       | 4 |  4.0
Armour         | |  3.2
Dodging        | |  0.7
Shields        | |  3.2

Action                     |  1- 3 |  4- 6 || total
---------------------------+-------+-------++-------
  Melee: War axe           |   120 |   167 ||   287
    Use: Scroll            |     2 |     5 ||     7
 Armour: Scale mail        |    40 |    56 ||    96
         Plate armour      |       |    65 ||    65
  Dodge: Dodged            |    63 |    69 ||   132
  Block: Buckler           |    18 |    38 ||    56

Table legend:
 A = Non-vault XP
 B = Vault XP
 C = Vault XP percentage of total XP
 D = Non-vault monster count
 E = Vault monster count
 F = Vault count percentage of total count
                 A         B        C        D         E       F
            +---------+---------+-------+---------+---------+-------
      Total |     214 |     324 |  60.2 |      60 |      19 |  24.1
            +---------+---------+-------+---------+---------+-------
        D:1 |      43 |       9 |  17.3 |      25 |       9 |  26.5
        D:2 |      37 |       0 |   0.0 |      15 |       0 |   0.0
        D:3 |     105 |     311 |  74.8 |      13 |       8 |  38.1
        D:4 |      29 |       4 |  12.1 |       7 |       2 |  22.2
            +---------+---------+-------+---------+---------+-------
